 Dungeon Crawl Stone Soup version 0.30-a0-219-gf2db51d15e (webtiles) character file.

Game seed: 11034598853571750499

25338 AnotherStupidDeath the Thaumaturge (level 12, -8/61 HPs)
             Began as a Felid Earth Elementalist on Oct 7, 2022.
             Was a High Priest of Vehumet.
             Mangled by an ogre
             ... wielding a +0 giant club
              (17 damage)
             ... on level 1 of the Orcish Mines.
             The game lasted 03:14:31 (31493 turns).

AnotherStupidDeath the Thaumaturge (FeEE)          Turns: 31493, Time: 03:14:31

Health: -8/61      AC:  3    Str:  4    XL:     12   Next: 88%
Magic:  23/29      EV: 26    Int: 20    God:    Vehumet [*****.]
Gold:   848        SH:  0    Dex: 18    Spells: 4/35 levels left
                                        Lives:  0   Deaths: 4

rFire   . . .      SeeInvis +      - Unarmed
rCold   + . .      Faith    .    (shield unavailable)
rNeg    . . .      Spirit   .    (body armour unavailable)
rPois   .          Reflect  .    (helmet unavailable)
rElec   .          Harm     .    (cloak unavailable)
rCorr   .          Rampage  .    (gloves unavailable)
Will    ++...                    (boots unavailable)
Stlth   +++.......               v - amulet of regeneration
HPRegen 1.10/turn                l - ring of willpower
MPRegen 0.21/turn                C - ring of wizardry

@: very slightly contaminated, quick
A: very small, claws 1, fangs 3, see invisible, speed 1, shaggy fur 3, stealthy
paws, no weapons or thrown items, no armour, multi-lived
a: Renounce Religion


You were on level 1 of the Orcish Mines.
You worshipped Vehumet.
Vehumet was extremely pleased with you.
You visited 3 branches of the dungeon, and saw 20 of its levels.
You also visited: Sewer.

You collected 1352 gold pieces.
You spent 504 gold pieces at shops.

Inventory:

Jewellery
 l - a ring of willpower (left paw)
 v - an amulet of regeneration (around neck)
 C - a ring of wizardry (right paw)
 F - a ring of positive energy
 K - an amulet of guardian spirit
 L - a +6 ring of strength
 R - a +4 ring of protection
 T - an amulet of faith
 U - a ring of wizardry
Wands
 o - a wand of roots (12)
 y - a wand of quicksilver (8)
 A - a wand of flame (14)
 N - a wand of paralysis (8)
 O - a wand of digging (3)
Scrolls
 c - a scroll of brand weapon {unknown}
 e - 4 scrolls of immolation {unknown}
 f - 2 scrolls of amnesia {unknown}
 j - 4 scrolls of poison {unknown}
 k - 3 scrolls of silence {unknown}
 m - a scroll of noise {unknown}
 p - 3 scrolls of fog {unknown}
 u - 2 scrolls of vulnerability
 w - 5 scrolls of teleportation {unknown}
 z - 4 scrolls of blinking {unknown}
 B - 5 scrolls of enchant armour {unknown}
 D - 7 scrolls of magic mapping {unknown}
 E - 3 scrolls of enchant weapon {unknown}
 M - a scroll of torment {unknown}
Potions
 a - 4 potions of magic
 b - 8 potions of mutation
 d - 6 potions of ambrosia
 g - a potion of brilliance
 h - 6 potions of curing {@q1}
 i - 7 potions of heal wounds {@q2}
 q - 4 potions of might
 r - a potion of resistance
 s - a potion of invisibility
 t - 5 potions of lignification
 x - 2 potions of attraction
 I - 2 potions of cancellation
 P - a potion of flight
 Q - a potion of degeneration
 S - 2 potions of berserk rage
Miscellaneous
 G - a tin of tremorstones (2/2)
 H - a phantom mirror
 J - a piece from Xom's chessboard (15/15)


   Skills:
 - Level 12.0 Fighting
 - Level 12.0 Dodging
 - Level 4.0 Stealth
 - Level 7.0 Unarmed Combat
 + Level 12.2 Spellcasting
 - Level 6.0 Conjurations
 - Level 4.0 Hexes
 - Level 11.0 Transmutations
 - Level 11.0 Earth Magic


You had 4 spell levels left.
You knew the following spells:

 Your Spells              Type           Power      Damage    Failure   Level
a - Sandblast             Erth           100%       2d20      1%          1
b - Passwall              Tmut/Erth      45%        N/A       1%          2
c - Stone Arrow           Conj/Erth      92%        3d12      1%          3
d - Petrify               Tmut/Erth      54%        N/A       1%          4
e - Cause Fear            Hex            14%        N/A       4%          4
f - Lee's Rapid Deconstr  Erth           27%        3d15*     1%          5
g - Statue Form           Tmut/Erth      36%        N/A       4%          6
h - Iron Shot             Conj/Erth      23%        9d5       3%          6

Your spell library contained the following spells:

 Spells                   Type           Power      Damage    Failure   Level
 Fireball                 Conj/Fire      12%        3d7       5%          5
 Beastly Appendage        Tmut           100%       N/A       1%          1
 Freeze                   Ice            48%        1d7       1%          1
 Ensorcelled Hibernation  Hex/Ice        40%        N/A       1%          2
 Wereblood                Tmut           54%        N/A       1%          2
 Hailstorm                Conj/Ice       24%        3d7       1%          3
 Inner Flame              Hex/Fire       20%        N/A       1%          3
 Spider Form              Tmut/Pois      34%        N/A       1%          3
 Leda's Liquefaction      Hex/Erth       21%        N/A       1%          4
 Summon Small Mammal      Summ           48%        N/A       2%          1
 Frozen Ramparts          Ice            24%        1d4       2%          3
 Blink                    Tloc           24%        N/A       3%          2
 Summon Guardian Golem    Hex/Summ       20%        N/A       3%          3
 Call Canine Familiar     Summ           12%        N/A       7%          3
 Gell's Gravitas          Tloc           12%        N/A       7%          3
 Ozocubu's Armour         Ice            12%        N/A       7%          3
 Teleport Other           Tloc           12%        N/A       7%          3
 Anguish                  Hex/Necr       10%        N/A       10%         4
 Manifold Assault         Tloc           12%        N/A       22%         4
 Summon Ice Beast         Ice/Summ       12%        N/A       22%         4
 Summon Mana Viper        Hex/Summ       20%        N/A       26%         5
 Storm Form               Tmut/Air       17%        N/A       86%         7
 Dispersal                Tloc           6%         N/A       96%         6
 Ozocubu's Refrigeration  Ice            6%         4d8       97%         7
 Monstrous Menagerie      Summ           6%         N/A       100%        7
 Discord                  Hex            14%        N/A       100%        8


Dungeon Overview and Level Annotations

Branches:
Dungeon (13/15) Zot: 20851  Temple (0/1) D:7            Lair (5/5) D:11 Zot: 26355
  Swamp (0/4) Lair:2        Snake (0/4) Lair:3        Slime (0/5) Lair:5
    Orc (2/2) D:11 Zot: 16744     Elf (0/3) Orc:2        Vaults (0/5) D:13
  Sewer (visited)

Altars:
Cheibriados
Elyvilon
Fedhas
Hepliaklqana
Kikubaaqudgha
Makhleb
Okawaru
Trog
Uskayaw
Vehumet
Wu Jian
Yredelemnul
Zin
The Shining One
Jiyva

Shops:
D:5 (   D:13 ([[:   Orc:2 (

Annotations:
D:5 exclusion: upstairs
D:10 1 transporter
Lair:5 exclusion: obsidian statue
Orc:2 Saint Roka


Innate Abilities, Weirdness & Mutations

You have sharp claws.
You have razor-sharp teeth.
You have supernaturally acute eyesight. (SInv)
You cover ground quickly. (Speed+)
Your thick and shaggy fur keeps you warm. (AC +3, rC+)
Your paws help you pounce on unaware monsters.
You are incapable of wielding weapons or throwing items.
You cannot wear armour.
You gain extra lives every three experience levels.


Message History

The orc misses you. The orc hits you but does no damage.
You claw the orc!
You kill the orc!
Vehumet accepts your kill. The orc hits you but does no damage.
You mangle the orc!!
You kill the orc!
Vehumet accepts your kill.
No target in view!
Items here: )) [ †.
You can't memorise that many levels of magic yet!
Unknown command.
Your transformation is almost over.
There is a stone staircase leading down, spattered with blood here.
Things that are here:
a +0 giant club; a +0 giant spiked club
Casting: Statue Form (dangerous; 4% risk of failure)
Confirm with . or Enter, or press ? or * to list all spells.
You can't see any susceptible monsters within range! (Use Z to cast anyway.) HP restored.
You revert to your normal fleshy form.
You climb downwards.
Level annotation: Saint Roka The ogre completely misses you.
The orc misses you. The orc closely misses you.
A deep troll comes into view.
The ogre completely misses you.
There is a stone staircase leading up, spattered with blood here.
The orc misses you. The orc completely misses you.
Saint Roka mumbles some strange prayers to Beogh against you.
Beogh smites you! The ogre completely misses you. x2
The ogre shouts!
You climb upwards.
There is a stone staircase leading down, spattered with blood here.
Things that are here:
a +0 giant club; a +0 giant spiked club You scratch the ogre.
The ogre is lightly wounded.
The orc closely misses you.
The orc hits you with a +2 morningstar of distortion!
Space warps around you. The ogre closely misses you.
Casting: Statue Form (dangerous; 4% risk of failure)
Confirm with . or Enter, or press ? or * to list all spells.
You miscast Statue Form.
You are very lightly contaminated with residual magic.
Sand pours from your paws. The orc misses you.
The orc hits you with a +2 morningstar of distortion!
Space warps horribly around you!!
* * * LOW HITPOINT WARNING * * *
The ogre hits you with a +0 giant club!
You die...

###.#.#..#
##.#.....###
##....).....##
##.....##.....##
##......####....#
#.....†####..[[##
##.......##.)[<.#
##.))O)O))..)#.#
##.).@......###
####oo.....#
#.....### ##..###
#...# ##.## ###


You could see 2 ogres and 2 orcs.

Vanquished Creatures
  Kirke (Lair:3)
  3 dire elephants (Lair:5)
  3 hydras
  An ogre mage (Orc:2)
  Erica (D:8)
  11 two-headed ogres
  3 boulder beetles
  A tengu warrior (D:12)
  11 death yaks
  Sonja (D:13)
  Nergalle (D:12)
  A spectral death yak (Lair:5)
  A shadow wraith (D:13)
  A spectral anaconda (Lair:5)
  A deep troll (Orc:1)
  2 bog bodies (Lair:2)
  Pikel (D:5)
  5 necromancers
  A lindwurm (D:13)
  2 ugly things
  A cyclops (D:11)
  2 manticores
  An orc sorcerer (Orc:2)
  Maurice (D:8)
  3 oklob plants (D:11)
  9 elephants
  7 black mambas
  A dire elephant zombie (Lair:5)
  9 cane toads
  2 torpor snails
  A gargoyle (D:11)
  Maggie (D:7)
  Psyche (D:8)
  A kobold demonologist (D:11)
  4 rime drakes
  An efreet (D:13)
  6 komodo dragons
  A polar bear (D:9)
  8 trolls
  3 hornets
  Grinder (D:4)
  6 dream sheep (Lair:5)
  11 slime creatures
  3 shadows
  A vampire (D:13)
  19 yaks
  A wraith (D:12)
  2 hogs (Lair:3)
  4 basilisks
  4 wyverns
  A basilisk (shapeshifter) (D:13)
  A human (shapeshifter) (D:13)
  Grum (D:8)
  15 vampire mosquitoes
  2 steam dragons
  A death yak simulacrum (Lair:5)
  4 nagas (Lair:3)
  An acid dragon (D:9)
  6 water moccasins
  Duvessa (D:4)
  9 orc warriors
  2 sky beasts
  3 ice beasts
  4 black bears
  7 ogres
  An elephant zombie (Lair:5)
  An elephant skeleton (Lair:5)
  21 wolves
  3 centaurs
  3 lemures (D:5)
  3 kobold brigands
  Blork the orc (D:6)
  A necrophage (D:4)
  9 bullfrogs
  3 scorpions
  Dowan (D:4)
  10 killer bees
  2 howler monkeys
  5 hounds
  7 jellies
  12 orc priests
  5 iguanas
  19 orc wizards
  A centaur simulacrum (D:10)
  7 adders
  A river rat (D:5)
  2 shadow imps
  4 white imps
  A howler monkey simulacrum (D:10)
  An ufetubus (D:10)
  4 worms
  3 dart slugs
  61 orcs
  4 ball pythons
  4 bats
  2 bat zombies (D:10)
  9 endoplasms
  4 giant cockroaches
  5 goblins
  6 hobgoblins
  14 kobolds
  A quokka (D:4)
  3 frilled lizards
  7 rats
  2 bushes (D:5)
478 creatures vanquished.

Vanquished Creatures (others)
  6 bushes
  40 fungi
  34 plants
  23 withered plants (Lair:5)
103 creatures vanquished.

Grand Total: 581 creatures vanquished

Notes
Turn   | Place    | Note
-------+----------+-------------------------------------------
     0 | D:1      | AnotherStupidDeath the Felid Earth Elementalist began the
                  | quest for the Orb.
     0 | D:1      | Reached XP level 1. HP: 7/7 MP: 4/4
   128 | D:1      | Found a faded altar of an unknown god.
   222 | D:1      | Reached XP level 2. HP: 12/12 MP: 1/6
   228 | D:1      | Learned a level 2 spell: Passwall
  1663 | D:3      | Reached XP level 3. HP: 8/15 MP: 2/7
  1669 | D:2      | Learned a level 3 spell: Stone Arrow
  2069 | D:3      | Reached skill level 1 in Fighting
  2332 | D:4      | Noticed Grinder
  2565 | D:4      | Noticed Dowan
  2764 | D:4      | Reached XP level 4. HP: 19/19 MP: 4/8
  2782 | D:4      | Noticed Duvessa
  3115 | D:4      | Noticed a scorpion
  3304 | D:4      | Found a burning altar of Makhleb.
  3365 | D:4      | Noticed a necrophage
  3427 | D:4      | Killed a necrophage
  3428 | D:4      | Reached XP level 5. HP: 22/22 MP: 6/10
  3465 | D:4      | Reached skill level 1 in Conjurations
  4680 | D:5      | Entered Level 5 of the Dungeon
  4779 | D:5      | Gained mutation: You are covered in thick fur. (AC +2)
                  | [Felid growth]
  4779 | D:5      | Reached XP level 6. HP: 26/26 MP: 8/11
  4822 | D:5      | Found a glowing drain.
  4908 | Sewer    | Entered a sewer
  5922 | D:5      | Reached XP level 7. HP: 18/30 MP: 9/14
  6067 | D:5      | Found a blossoming altar of Fedhas.
  6171 | D:5      | Found Soukores's Antique Weapon Boutique.
  6195 | D:5      | Noticed Pikel
  6457 | D:5      | Learned a level 4 spell: Petrify
  7215 | D:5      | Mangled by Pikel
  7216 | D:5      | Reached XP level 6. HP: -7/28 MP: 9/13
  7409 | D:5      | Killed Pikel
  7410 | D:5      | Reached skill level 5 in Spellcasting
  7410 | D:5      | Reached skill level 5 in Earth Magic
  7410 | D:5      | Reached XP level 7. HP: 27/32 MP: 2/15
  7531 | D:6      | Noticed Blork the orc
  7544 | D:6      | Reached skill level 5 in Dodging
  7668 | D:6      | Killed Blork the orc
  7669 | D:6      | Reached XP level 8. HP: 36/36 MP: 12/17
  7958 | D:6      | Reached skill level 5 in Transmutations
  8280 | D:7      | Learned a level 4 spell: Cause Fear
  8349 | D:4      | Reached skill level 1 in Hexes
  8688 | D:4      | Found a white marble altar of Elyvilon.
  8688 | D:4      | Found a glowing golden altar of the Shining One.
  8690 | D:4      | Found a glowing silver altar of Zin.
  8802 | D:7      | Noticed Maggie
  9073 | D:7      | Found a radiant altar of Vehumet.
  9079 | D:7      | Became a worshipper of Vehumet
  9179 | D:7      | Found a staircase to the Ecumenical Temple.
  9546 | D:8      | Noticed a hornet
  9861 | D:8      | Reached skill level 5 in Fighting
  9861 | D:8      | Reached XP level 9. HP: 40/40 MP: 13/19
 10262 | D:8      | Noticed Psyche
 10742 | D:8      | Noticed Maurice
 10844 | D:8      | Reached * piety under Vehumet
 10844 | D:8      | Offered knowledge of Foxfire by Vehumet.
 11256 | D:9      | Noticed a two-headed ogre
 11435 | D:9      | Killed from afar by an acid dragon
 11436 | D:9      | Reached XP level 8. HP: -15/37 MP: 14/19
 11437 | D:9      | Noticed a hornet
 11458 | D:9      | Killed a hornet
 11570 | D:9      | Found a bloodstained altar of Trog.
 11597 | D:9      | Noticed a two-headed ogre
 11626 | D:9      | Reached XP level 9. HP: 15/41 MP: 16/20
 11643 | D:9      | Killed a two-headed ogre
 11644 | D:9      | Reached skill level 1 in Unarmed Combat
 11869 | D:9      | Noticed a two-headed ogre
 11886 | D:9      | Killed a two-headed ogre
 11972 | D:9      | Killed a two-headed ogre
 11973 | D:9      | Reached XP level 10. HP: 39/45 MP: 13/23
 12329 | D:9      | Found an iron altar of Okawaru.
 12329 | D:9      | Found a basalt altar of Yredelemnul.
 12444 | D:10     | Entered Level 10 of the Dungeon
 12592 | D:10     | Noticed a gargoyle
 12610 | D:10     | Found a transporter.
 12659 | D:10     | Noticed a two-headed ogre
 12678 | D:10     | Killed a two-headed ogre
 13005 | D:10     | Found an ancient bone altar of Kikubaaqudgha.
 13169 | D:10     | Found a transporter.
 13189 | D:10     | Found a snail-covered altar of Cheibriados.
 13530 | D:10     | Noticed a two-headed ogre
 13538 | D:10     | Reached ** piety under Vehumet
 13552 | D:10     | Killed a two-headed ogre
 13628 | D:10     | Offered knowledge of Kiss of Death by Vehumet.
 13716 | D:10     | Found a hazy altar of Hepliaklqana.
 14119 | D:11     | Reached XP level 11. HP: 54/54 MP: 10/24
 14256 | D:11     | Noticed an oklob plant
 14256 | D:11     | Noticed an oklob plant
 14256 | D:11     | Noticed an oklob plant
 14313 | D:11     | Reached skill level 10 in Fighting
 14582 | D:11     | Noticed a sixfirhy
 15116 | D:11     | Found a staircase to the Orcish Mines.
 15218 | D:11     | Noticed a boulder beetle
 15362 | Orc:1    | Entered Level 1 of the Orcish Mines
 15557 | D:12     | Noticed Nergalle
 15898 | D:12     | Killed Nergalle
 15898 | D:12     | Offered knowledge of Scorch by Vehumet.
 16333 | D:13     | Found Ugu Hiba's Book Boutique.
 16387 | D:13     | Noticed Sonja
 16887 | D:13     | Noticed a cyan ugly thing
 16927 | D:13     | Killed a cyan ugly thing
 16976 | D:13     | Found Ecyc's Armour Boutique.
 16976 | D:13     | Found Nowyvey's Antique Armour Boutique.
 16979 | D:13     | Found Qayry's Weapon Boutique.
 17003 | D:13     | Bought a book of the Earth for 504 gold pieces
 17028 | D:13     | Learned a level 5 spell: Lee's Rapid Deconstruction
 17035 | D:13     | Learned a level 6 spell: Statue Form
 17053 | D:13     | Noticed a shadow wraith
 17054 | D:13     | Noticed a lindwurm
 17054 | D:13     | Noticed a necromancer
 17089 | D:13     | Killed a shadow wraith
 17090 | D:13     | Reached skill level 5 in Conjurations
 17157 | D:13     | Killed a necromancer
 17215 | D:13     | Noticed a tengu warrior
 17414 | D:12     | Killed a tengu warrior
 17682 | D:13     | Killed Sonja
 17683 | D:13     | Gained mutation: Your thick and shaggy fur keeps you warm.
                  | (AC +3, rC+) [Felid growth]
 17683 | D:13     | Reached XP level 12. HP: 60/60 MP: 5/26
 17996 | D:13     | Reached *** piety under Vehumet
 18039 | D:13     | Noticed a five-headed hydra
 18060 | D:13     | Killed a five-headed hydra
 18696 | D:13     | Found a gate to the Vaults.
 19030 | D:4      | Killed Dowan
 19036 | D:4      | Killed Duvessa
 19444 | D:4      | Killed Grinder
 19445 | D:4      | Reached skill level 5 in Unarmed Combat
 19557 | D:7      | Killed Maggie
 19814 | D:7      | Offered knowledge of Ignite Poison by Vehumet.
 19949 | D:7      | Identified the +0 leather armour of the Dice {Str+5 Int+2}
 20319 | D:8      | Noticed Grum
 20327 | D:8      | Killed Grum
 20532 | D:8      | Killed Psyche
 20711 | D:8      | Killed Maurice
 20741 | D:8      | Noticed Erica
 20748 | D:8      | Killed Erica
 20901 | D:11     | Reached skill level 10 in Spellcasting
 21051 | D:11     | Killed a boulder beetle
 21839 | Orc:1    | Reached **** piety under Vehumet
 21922 | Orc:2    | Entered Level 2 of the Orcish Mines
 21972 | Orc:2    | Offered knowledge of Lightning Bolt by Vehumet.
 21995 | Orc:2    | Reached skill level 10 in Transmutations
 22135 | Orc:2    | Found a staircase to the Elven Halls.
 22202 | Orc:2    | Found Ofyirhushu's Weapon Emporium.
 22215 | Orc:2    | Noticed a two-headed ogre
 22233 | Orc:2    | Noticed an ogre mage
 22254 | Orc:1    | Killed a two-headed ogre
 22341 | Orc:2    | Noticed a two-headed ogre
 22359 | Orc:1    | Killed a two-headed ogre
 22469 | Orc:2    | Noticed a two-headed ogre
 22550 | Orc:2    | Killed an ogre mage
 22551 | Orc:2    | Reached XP level 13. HP: 45/63 MP: 11/28
 22556 | Orc:2    | Noticed Saint Roka
 22833 | D:11     | Found a staircase to the Lair.
 23335 | Lair:1   | Entered Level 1 of the Lair of Beasts
 23775 | Lair:1   | Identified the +6 ring mail of Xunkol {rElec Regen+ Str+5
                  | Dex+2}
 24177 | Lair:2   | Found a staircase to the Swamp.
 25299 | Lair:3   | Found a staircase to the Snake Pit.
 26169 | Lair:3   | Noticed Kirke
 26187 | Lair:3   | Killed Kirke
 26687 | Lair:3   | Reached skill level 10 in Earth Magic
 27043 | Lair:4   | Reached skill level 10 in Dodging
 27524 | Lair:5   | Entered Level 5 of the Lair of Beasts
 27628 | Lair:5   | Found a hide-covered altar of Uskayaw.
 27628 | Lair:5   | Found an ornate altar of the Wu Jian Council.
 27831 | Lair:5   | Noticed a dire elephant
 27832 | Lair:5   | Noticed a dire elephant
 27834 | Lair:5   | Noticed a dire elephant
 28017 | Lair:5   | Reached ***** piety under Vehumet
 28147 | Lair:5   | Found a viscous altar of Jiyva.
 28148 | Lair:5   | Found a staircase to the Slime Pits.
 28153 | Lair:5   | Offered knowledge of Iron Shot by Vehumet.
 28162 | Lair:5   | Learned a level 6 spell: Iron Shot
 28305 | Lair:5   | Reached XP level 14. HP: 67/67 MP: 21/30
 30343 | Lair:5   | HP: 2/69 [dire elephant (17)]
 30344 | Lair:5   | Slain by a spectral anaconda
 30345 | Lair:5   | Reached XP level 13. HP: -1/61 MP: 26/30
 30465 | Lair:5   | Killed a dire elephant
 30969 | Lair:5   | Killed a dire elephant
 31313 | Orc:1    | Mangled by a two-headed ogre
 31314 | Orc:1    | Reached XP level 12. HP: -10/61 MP: 14/29
 31331 | Orc:1    | Killed a two-headed ogre
 31478 | Orc:1    | Offered knowledge of Fireball by Vehumet.
 31493 | Orc:1    | Mangled by an ogre

Illustrated notes

Levels and vault maps discovered:
D:1:      enne_arrival_octagon_isle, layout_rooms,
          ebering_ecumenical_altar_abandoned, minmay_cut_off
D:2:      layout_basic
D:3:      layout_basic
D:4:      layout_layer_cave, dreamdust_divine_triumvirate, kennysheep_mini_moat,
          grunt_ministairs_9, uniq_duvessa, uniq_grinder
D:5:      layout_loops_ring, fedhas_bush_and_centaur_altar,
          cheibrodos_sewer_entry_sluice, serial_shops, shop, uniq_pikel
D:6:      layout_cave_pools, uniq_blork_the_orc
D:7:      minmay_clustersquares, layout_basic, marbit_many_paths,
          minmay_temple_entry_overgrown, uniq_maggie
D:8:      layout_gridville, uniq_psyche, uniq_maurice, uniq_grum, uniq_erica
D:9:      layout_loops_ring, trog_book, nicolae_overflow_two_pavilions
D:10:     layout_cave_pools, lemuel_doored_altar,
          lemuel_zombie_altar_kikubaaqudgha, mainiacjoe_overflow_alcove_2,
          serial_ice, serial_ice_b, serial_ice_e, serial_ice_g, serial_ice_a,
          nicolae_diode_stairs
D:11:     layout_roguey, dpeg_oklobed_lair, hiddenorc1_lemuel
D:12:     layout_basic, uniq_nergalle
D:13:     kennysheep_spiral_hall, layout_cave_pods, david_vaults_4,
          minmay_shop_grid_forest, uniq_sonja
Lair:1:   layout_hall_layers, grunt_megastairs_3, lemuel_fruit_fields
Lair:2:   layout_chaotic_city, skrybe_swamp_entry_bodies,
          infiniplex_staircase_pool_2
Lair:3:   layout_layer_cave, minmay_snake_entry_guardpost_medium,
          serial_bayou_pond_e, minivault_26, uniq_kirke
Lair:4:   layout_hall_layers, grunt_megastairs_2
Lair:5:   due_jungle_book, layout_misc_corridors,
          nicolae_slime_entry_slimehenge, st_stairs_5,
          nzn_masters_of_martial_movement
Orc:1:    layout_diamond_mine, basic_altar
Orc:2:    st_orc_open, layout_caves, maelrawn_ghost_gauntlet_escape,
          nicolae_orc_sculptors_studio, uniq_saint_roka

Skill      XL: |  1  2  3  4  5  6  7  8  9 10 11 12 13 14 |
---------------+-------------------------------------------+-----
Stealth        | 3 4 |  4.0
Dodging        | 3 4 5 6 8 12 | 12.0
Fighting       | 1 2 4 3 5 6 9 11 12 | 12.0
Earth Magic    | 3 5 6 7 9 11 | 11.0
Transmutations | 2 3 4 5 6 9 10 11 | 11.0
Spellcasting   | 3 5 6 8 9 10 11 12 | 12.2
Conjurations   | 1 2 3 4 5 6 |  6.0
Hexes          | 4 |  4.0
Unarmed Combat | 2 6 7 |  7.0

Action                   |  1- 3 |  4- 6 |  7- 9 | 10-12 | 13-15 || total
-------------------------+-------+-------+-------+-------+-------++-------
Melee: Unarmed           |     9 |    11 |   189 |   372 |   306 ||   887
       Bite              |       |     3 |    58 |    88 |    62 ||   211
       Punch             |       |       |     3 |    16 |    26 ||    45
 Cast: Sandblast         |    64 |   118 |   170 |   151 |    21 ||   524
       Passwall          |     2 |     5 |    13 |     1 |       ||    21
       Petrify           |       |     3 |    44 |   107 |    14 ||   168
       Stone Arrow       |       |       |       |   152 |   252 ||   404
       Lee's Rapid Decon |       |       |       |    27 |    33 ||    60
       Statue Form       |       |       |       |    12 |    23 ||    35
       Cause Fear        |       |       |       |     3 |       ||     3
       Iron Shot         |       |       |       |       |     5 ||     5
 Abil: End Transformatio |       |       |       |       |     2 ||     2
Evoke: Wand              |       |       |       |     1 |    18 ||    19
  Use: Scroll            |       |     4 |     4 |     2 |     7 ||    17
       Potion            |       |       |     1 |     1 |     1 ||     3
 Stab: Sleeping          |     2 |       |     1 |     1 |       ||     4
       Petrified         |       |     9 |   175 |   244 |    17 ||   445
       Petrifying        |       |       |     2 |       |       ||     2
Armor: Skin              |     2 |       |    11 |   105 |   164 ||   282
Dodge: Dodged            |    21 |    40 |   117 |   523 |   579 ||  1280

Table legend: (Time is in decaauts)
 A = Elapsed time spent in this place.
 B = Non-inter-level travel time spent in this place.
 C = Inter-level travel time spent in this place.
 D = Time resting spent in this place.
 E = Time spent auto-exploring this place.
 F = Levels seen in this place.
 G = Mean time per level.
                   A        B        C        D        E       F      G
               +--------+--------+--------+--------+--------+-----+--------+
         Total |  28953 |  26986 |   1967 |   4480 |  10201 |  21 | 1378.7 |
       Dungeon |  19586 |  17885 |   1701 |   3054 |   5670 |  13 | 1506.6 |
          Lair |   7355 |   7090 |    265 |    732 |   4291 |   5 | 1471.0 |
  Orcish Mines |   1254 |   1254 |      0 |    516 |    239 |   2 |  627.0 |
         Sewer |    757 |    757 |      0 |    177 |      0 |   1 |  757.0 |
               +--------+--------+--------+--------+--------+-----+--------+

Top non-repeatable levels by time:
    D:11: 2930 daAuts
  Lair:5: 2790 daAuts
     D:4: 2003 daAuts
     D:5: 1927 daAuts
    D:13: 1901 daAuts
     D:7: 1838 daAuts
     D:8: 1729 daAuts
  Lair:3: 1701 daAuts
    D:10: 1444 daAuts
     D:3: 1325 daAuts
  Lair:4: 1230 daAuts
    D:12: 1117 daAuts
     D:9: 1071 daAuts
     D:2: 970 daAuts
   Orc:1: 904 daAuts
